 Dungeon Crawl Stone Soup version 0.29.1-2-gbd0b4ee654 (webtiles) character file.

Game seed: 11405762799714902602

2 GorkyZ the Chopper (level 1, -1/12 HPs)
             Began as a Gargoyle Gladiator on Nov 30, 2022.
             Slain by a kobold
             ... wielding a +1 whip of freezing
              (6 damage)
             ... on level 1 of the Dungeon.
             The game lasted 00:00:30 (162 turns).

GorkyZ the Chopper (Gargoyle Gladiator)              Turns: 162, Time: 00:00:31

Health: -1/12      AC:  6    Str: 17    XL:     1   Next: 30%
Magic:  1/1        EV: 12    Int:  8    God:
Gold:   10         SH:  0    Dex: 11    Spells: 0/0 levels left

rFire   . . .      SeeInvis .   a - +0 war axe
rCold   . . .      Faith    .   (no shield)
rNeg    + . .      Spirit   .   b - +0 leather armour
rPois   ∞          Reflect  .   c - +0 helmet
rElec   +          Harm     .   (no cloak)
rCorr   .          Rampage  .   (no gloves)
Will    .....                   (no boots)
Stlth   +.........              (no amulet)
HPRegen 0.04/turn               (no ring)
MPRegen 0.07/turn               (no ring)

@: no status effects
A: sickness immunity, AC +2, negative energy resistance 1, electricity
resistance, torment resistance 1, petrification resistance
a: no special abilities


You were on level 1 of the Dungeon.
You visited 1 branch of the dungeon, and saw 1 of its levels.

You collected 10 gold pieces.

Inventory:

Hand Weapons
 a - a +0 war axe (weapon)
Missiles
 d - 3 throwing nets (quivered)
 e - a javelin
Armour
 b - a +0 leather armour (worn)
 c - a +0 helmet (worn)


   Skills:
 + Level 2.2 Fighting
 + Level 2.7 Axes
 + Level 1.7 Throwing
 + Level 0.2 Armour
 + Level 2.4 Dodging
 + Level 0.0 Shields
 + Level 0.0 Evocations


You couldn't memorise any spells.
You didn't know any spells.
Your spell library was empty.

Dungeon Overview and Level Annotations

Branches:
Dungeon (1/15)

Altars:


Innate Abilities, Weirdness & Mutations

You are immune to sickness and miasma.
Your stone body is resilient. (AC +2)
You are immune to poison.
You resist negative energy. (rN+)
You are resistant to electric shocks. (rElec)
You are resistant to unholy torment.
You are immune to petrification.


Message History

The hobgoblin is almost dead.
The hobgoblin hits you but does no damage.
The hobgoblin hits you.
You are too injured to fight recklessly!
You are too injured to fight recklessly!
You hit the hobgoblin.
You kill the hobgoblin!
You start resting.
HP restored.
You now have 10 gold pieces.
A kobold comes into view. It is wielding a +1 whip of freezing.
The kobold shouts!
The kobold throws a stone.
The stone barely misses you.
Found a scroll labelled BUQOZA KUWOINYECE.
The kobold throws a stone.
The stone barely misses you.
The kobold hits you with a +1 whip of freezing.
The kobold freezes you.
You closely miss the kobold. The kobold barely misses you.
You barely miss the kobold.
The kobold hits you with a +1 whip of freezing.
The kobold freezes you. The kobold closely misses you.
You are too injured to fight recklessly!
You are too injured to fight recklessly!
You are too injured to fight recklessly!
You are too injured to fight recklessly!
You are too injured to fight recklessly!
You are too injured to fight recklessly!
You are too injured to fight recklessly!
You are too injured to fight recklessly!
You are too injured to fight recklessly!
You are too injured to fight recklessly!
You are too injured to fight recklessly!
You are too injured to fight recklessly!
You are too injured to fight recklessly!
You are too injured to fight recklessly!
You are too injured to fight recklessly!
You closely miss the kobold.
The kobold hits you with a +1 whip of freezing.
Ouch! That really hurt!
You die...

#.#.#.............
#...#..........##
#...............##. ..
#.................. ..
#...............#. ..
#...#.#.......#.#..
#.####.................#
.....###.....#.....#.###
.⌠.......#†.....@..# .:
...⌠..##.#.######K......
.....#####.# .##.?..
.⌠..## #.# .# ..## ...##
### .# .# ...#### .. #
.<....# .. .......... ..
....⌠....⌠


You could see a kobold.

Vanquished Creatures
  A hobgoblin (D:1)
  A rat (D:1)
2 creatures vanquished.

Notes
Turn   | Place    | Note
-------+----------+-------------------------------------------
     0 | D:1      | GorkyZ the Gargoyle Gladiator began the quest for the Orb.
     0 | D:1      | Reached XP level 1. HP: 12/12 MP: 1/1
   162 | D:1      | Slain by a kobold

Illustrated notes

Levels and vault maps discovered:
D:1:      dpeg_arrival_leaves_temple_mockup, layout_basic,
          basic_ecumenical_altar, minmay_3d_cube

Action                   || total
-------------------------++-------
Melee: War axe           ||    10
Armor: Leather armour    ||     1
Dodge: Dodged            ||     9
